 Dungeon Crawl Stone Soup version 0.28-a0-851-g8b9cc49659 (webtiles) character file.

Game seed: 9221968693030419773

30 Crownlay the Conjurer (level 3, -2/26 HPs)
             Began as a Draconian Conjurer on Nov 14, 2021.
             Slain by Sigmund (8 damage)
             ... on level 2 of the Dungeon.
             The game lasted 00:02:06 (1894 turns).

Crownlay the Conjurer (Draconian Conjurer)          Turns: 1894, Time: 00:02:07

Health: -2/26      AC:  7    Str:  9    XL:     3   Next: 5%
Magic:  1/7        EV: 12    Int: 19    God:
Gold:   77         SH:  0    Dex:  9    Spells: 5/8 levels left

rFire   . . .      SeeInvis .   k - +2 whip (elec)
rCold   . . .      Faith    .   (no shield)
rNeg    . . .      Spirit   .   (armour unavailable)
rPois   .          Reflect  .   i - +0 hat
rElec   .          Harm     .   (no cloak)
rCorr   .          Rampage  .   (no gloves)
Will    .....                   d - +1 pair of boots {Stlth+}
Stlth   ++........              (no amulet)
HPRegen 0.08/turn               (no ring)
MPRegen 0.10/turn               (no ring)

@: confused
A: AC +5, unfitting armour, cold-blooded
a: no special abilities


You were on level 2 of the Dungeon.
You visited 1 branch of the dungeon, and saw 2 of its levels.

You collected 77 gold pieces.

Inventory:

Hand Weapons
 k - a +2 whip of electrocution (weapon)
Missiles
 g - 2 atropa-tipped darts
Armour
 d - a +1 pair of boots of stealth (worn)
 i - a +0 hat (worn)
Scrolls
 a - a scroll of identify {unknown}
 j - 2 scrolls of teleportation {unknown}
Potions
 c - 2 potions of curing {unknown}
 e - a potion of cancellation {unknown}
 f - a potion of berserk rage {unknown}
 h - 2 potions of haste {unknown}


   Skills:
 - Level 1.7 Dodging
 - Level 1.7 Stealth
 * Level 3.0 Spellcasting
 + Level 4.3 Conjurations


You had 5 spell levels left.
You knew the following spells:

 Your Spells              Type           Power      Damage    Failure   Level
a - Magic Dart            Conj           76%        1d6       2%          1
b - Searing Ray           Conj           38%        2d5       3%          2

Your spell library contained the following spells:

 Spells                   Type           Power      Damage    Failure   Level
 Dazzling Flash           Conj/Hex       22%        N/A       19%         3
 Fulminant Prism          Conj/Hex       5%         3d7       52%         4
 Iskenderun's Mystic Bla  Conj/Tloc      11%        2d4       52%         4


Dungeon Overview and Level Annotations

Branches:
Dungeon (2/15)

Altars:

Annotations:
D:2 Sigmund


Innate Abilities, Weirdness & Mutations

Your plain brown scales are hard. (AC +5)
You cannot fit into any form of body armour.
You are cold-blooded and may be slowed by cold attacks.


Message History

(Press . to maintain the ray.)
Something tries to affect you, but you resist.
The searing ray hits the quokka!
You kill the quokka!
The searing ray hits something.
The searing ray hits something.
You finish channelling your searing ray.
Something hits you.
Casting: Searing Ray (safe; 3% risk of failure)
Confirm with . or Enter, or press ? or * to list all spells.
You don't have enough magic to cast this spell.
Something hits you!
You barely miss something. You miss something.
Something hits you but does no damage.
You hit something but do no damage. Lightning courses through something!
Something hits you.
You miss something. You barely miss something.
Your tail-slap misses something.
Something hits you but does no damage.
Casting: Searing Ray (safe; 3% risk of failure)
Confirm with . or Enter, or press ? or * to list all spells.
You can't see any susceptible monsters within range! (Use Z to cast anyway.) Unknown command.
You miss something. Something hits you but does no damage.
You closely miss something. Something hits you!
* * * LOW HITPOINT WARNING * * *
Casting: Searing Ray (safe; 3% risk of failure)
Confirm with . or Enter, or press ? or * to list all spells.
Aiming: Searing Ray (safe; 3% risk of failure)
Press: ? - help, Shift-Dir - straight line The searing ray hits something. (Press . to maintain the ray.)
You hit something but do no damage.
You hear some strange, mumbled words.
You are confused.
You bump into the rock wall.
You hear some strange, mumbled words.
You are more confused.
You miss something. Something hits you!
You die...

.... ...# #..#
#.. ... #.# #{#
#@# #.# #
##.##### ##
#.#......###
...##.#..##.....
#...........###
####.#.....)#
#.)....##..
#.#...## #


There were no monsters in sight!

Vanquished Creatures
  An endoplasm (D:1)
  3 giant cockroaches
  2 goblins
  3 hobgoblins
  9 jackals
  2 quokkas
  3 ball pythons
  A rat (D:1)
24 creatures vanquished.

Notes
Turn   | Place    | Note
-------+----------+-------------------------------------------
     0 | D:1      | Crownlay the Draconian Conjurer began the quest for the
                  | Orb.
     0 | D:1      | Reached XP level 1. HP: 14/14 MP: 3/3
   469 | D:1      | Reached XP level 2. HP: 6/20 MP: 0/5
  1256 | D:2      | Learned a level 2 spell: Searing Ray
  1431 | D:2      | Found a faded altar of an unknown god.
  1795 | D:2      | Reached XP level 3. HP: 23/26 MP: 5/7
  1874 | D:2      | Noticed Sigmund
  1894 | D:2      | Slain by Sigmund

Illustrated notes

Levels and vault maps discovered:
D:1:      dpeg_arrival_court, layout_rooms, amcnicky_mini_pool_small
D:2:      layout_loops_corners, shapermc_ecumenical_altar_mp_highgroup,
          kennysheep_small_spiral, minmay_pentomino_s4, uniq_sigmund,
          uniq_crazy_yiuf_cottage

Skill      XL: |  1  2 |
---------------+-------+-----
Spellcasting   | 3 |  3.0
Dodging        | |  1.7
Stealth        | |  1.7
Conjurations   | |  4.3

Action                   || total
-------------------------++-------
Melee: Dagger            ||    70
       Whip              ||    22
       Tailslap          ||     2
 Cast: Magic Dart        ||    35
       Searing Ray       ||     2
Armor: Skin              ||    38
Dodge: Dodged            ||    69

Table legend: (Time is in decaauts)
 A = Elapsed time spent in this place.
 B = Non-inter-level travel time spent in this place.
 C = Inter-level travel time spent in this place.
 D = Time resting spent in this place.
 E = Time spent auto-exploring this place.
 F = Levels seen in this place.
 G = Mean time per level.
                   A        B        C        D        E       F      G
               +--------+--------+--------+--------+--------+-----+--------+
         Total |   1894 |   1819 |     75 |      0 |   1584 |   2 |  947.0 |
       Dungeon |   1894 |   1819 |     75 |      0 |   1584 |   2 |  947.0 |
               +--------+--------+--------+--------+--------+-----+--------+

Top non-repeatable levels by time:
     D:1: 1136 daAuts
     D:2: 758 daAuts
